AoeStats
← Simple Jack, u mad?

MegaRandom

506684963Analyzed
4v4 RM · 19d ago on Sep 14, 2026· 19m 1s· 8 players
Game mode
Random Map
Map size
Large (8 player)
Population
200
Speed
Normal
Resources
Standard
Victory
Conquest
Starting age
Dark Age
Ending age
Imperial Age
RankedLock teamsTeams togetherTeam positionsShared explorationLock speedFull tech treeHidden civsTurbo modeCheats
Victory
Defeat
🇧🇬 Khmer · Bulgaria
1814
+8
🇷🇺 Magyars · Russia
1788
+9
🇮🇳 Koreans · India
1784
+9
🇧🇬 Ethiopians · Bulgaria
1766
+11
🇨🇳 Spanish · China
1724
-12
🇹🇼 Mongols · Taiwan
1630
-9
🇨🇱 Italians · Chile
1595
-8
🇸🇪 Franks · Sweden
1582
-8
DYS.K
9:46 Loom
11:38 Feudal Age
16:22 Castle Age
14:50 Double-Bit Axe
Burak
6:35 Loom
11:06 Feudal Age
Simple Jack, u mad?
6:30 Loom
10:37 Feudal Age
Bz_青红
11:13 Feudal Age
11:29 Loom
13:23 Forging
18:04 Fletching
Zni.Locuss
6:29 Loom
9:30 Feudal Age
10:00 Double-Bit Axe
15:11 Horse Collar
15:47 Bloodlines
17:24 Wheelbarrow
21:07 Castle Age
Boxxhenizeel
4:59 Loom
9:32 Feudal Age
11:00 Man-at-Arms
11:50 Double-Bit Axe
17:56 Wheelbarrow
17:24 Fletching
Zni.Kark01
7:27 Loom
9:48 Feudal Age
11:02 Double-Bit Axe
15:19 Fletching
15:46 Gold Mining
17:51 Town Watch
Eugenius
6:31 Loom
9:28 Feudal Age
10:14 Double-Bit Axe
11:40 Horse Collar
20:15 Castle Age
18:48 Scale Barding Armor
Connection lost

Rejoining the realm…

Still unreachable

The connection could not be restored.

Session expired

The server has moved on; the page needs a fresh start.